 Dungeon Crawl Stone Soup version 0.30-a0-1082-g70414cbcbb (webtiles) character file.

Game seed: 6986380258640218165

177 jimonade the Chopper (level 5, -2/28 HPs)
             Began as a Vine Stalker Monk on Apr 16, 2023.
             Was a Believer of Cheibriados.
             Slain by a gnoll
             ... wielding a +0 spear
              (6 damage)
             ... on level 4 of the Dungeon.
             The game lasted 00:06:03 (2818 turns).

jimonade the Chopper (Vine Stalker Monk)            Turns: 2818, Time: 00:06:04

Health: -2/28      AC:  2    Str: 20    XL:     5   Next: 57%
Magic:  0/6        EV: 13    Int: 14    God:    Cheibriados [**....]
Gold:   90         SH:  0    Dex: 20    Spells: 4/4 levels left

rFire   . . .      SeeInvis .    a - +3 short sword
rCold   . . .      Faith    .    d - orb {light}
rNeg    . . .      Spirit   +    b - +0 robe
rPois   .          Reflect  .    (no helmet)
rElec   .          Rampage  .    (no cloak)
rCorr   .                        (no gloves)
Will    .....                    (no boots)
Stlth   +                        (no amulet)
HPRegen 1.04/turn                h - ring of wizardry
MPRegen 0.10/turn                (no ring)

@: glowing, very slow
A: fangs 2, regeneration 1, magic shield, antimagic bite, no potion heal 2
a: Renounce Religion, Bend Time


You were on level 4 of the Dungeon.
You worshipped Cheibriados.
Cheibriados was pleased with you.
You visited 1 branch of the dungeon, and saw 4 of its levels.

You collected 114 gold pieces.
You spent 24 gold pieces at shops.

Inventory:

Hand Weapons
 a - a +3 short sword (weapon)
 y - a +0 hand axe
Missiles
 v - 5 poisoned darts (quivered)
 w - 2 curare-tipped darts
Armour
 b - a +0 robe (worn)
 d - an orb of light (worn)
Jewellery
 h - a ring of wizardry (left hand)
 u - a ring of fire
Wands
 i - a wand of flame (16)
Scrolls
 f - 2 scrolls of fog {unknown}
 g - 4 scrolls of fear {unknown}
 k - a scroll of silence {unknown}
 m - a scroll of enchant weapon {unknown}
 n - 7 scrolls of identify {unknown}
 o - a scroll of poison {unknown}
 r - 3 scrolls of teleportation {unknown}
 t - a scroll of noise {unknown}
 B - a scroll of amnesia {unknown}
Potions
 c - 2 potions of ambrosia
 e - 2 potions of brilliance {unknown}
 j - a potion of cancellation {unknown}
 l - a potion of might {unknown}
 p - a potion of heal wounds {unknown}
 q - a potion of lignification {unknown}
 s - a potion of attraction {unknown}
 x - a potion of flight {unknown}
 z - a potion of mutation {unknown}
 A - a potion of curing {unknown}


   Skills:
 + Level 3.3 Fighting
 + Level 4.4 Axes
 + Level 3.2 Dodging
 + Level 0.5 Stealth


You had 4 spell levels left.
You didn't know any spells.
Your spell library contained the following spells:

 Spells                   Type           Power      Damage    Failure   Level
 Dazzling Flash           Conj/Hex       0%         N/A       32%         3
 Agony                    Necr           0%         N/A       95%         5
 Silence                  Hex/Air        0%         N/A       95%         5


Dungeon Overview and Level Annotations

Branches:
Dungeon (4/15)
 Temple: D:4-7

Altars:
Cheibriados
Xom
Yredelemnul

Shops:
D:3 (:   D:4 !

Annotations:
D:4 1 runed translucent door, AlpineCheese's ghost, weakling DsNe


Innate Abilities, Weirdness & Mutations

You have extremely sharp teeth.
Your natural rate of healing is unusually fast.
When hurt, damage is shared between your health and your magic reserves.
Your bite disrupts and absorbs the magic of your enemies.
Potions cannot restore your health.


Message History

You kill the jackal!
Cheibriados thoroughly appreciates the change of pace.
No target in view!
No target in view!
No target in view!
Things that are here:
a jackal corpse; a jackal corpse No target in view!
No target in view!
You now have 90 gold pieces (gained 16).
A gnoll comes into view. It is wielding a +0 club.
A gnoll is nearby!
You see here a scroll labelled DUKHLU TALEAMP.
B - a scroll labelled DUKHLU TALEAMP The gnoll shouts!
A gnoll comes into view. It is wielding a +0 spear. x2
The gnoll shouts! x2
The gnoll hits you with a +0 club.
You barely miss the gnoll. Your bite misses the gnoll. The gnoll misses you.
The gnoll hits you from afar with a +0 spear.
You hit the gnoll. You bite the gnoll, but do no damage.
The gnoll is moderately wounded.
The gnoll completely misses you. The gnoll barely misses you.
You hit the gnoll.
The gnoll is severely wounded.
The gnoll hits you with a +0 club.
The gnoll hits you from afar with a +0 spear.
You hit the gnoll but do no damage. Your bite misses the gnoll.
The gnoll is severely wounded.
The gnoll hits you with a +0 club!
The gnoll hits you from afar with a +0 spear!
* * * LOW HITPOINT WARNING * * *
You are too injured to fight recklessly!
You are too injured to fight recklessly!
You are too injured to fight recklessly!
You hit the gnoll.
The gnoll is almost dead.
The gnoll misses you.
The gnoll hits you from afar with a +0 spear!
You die...

.........#
.######..########
###......†......# #
#.............#
#.............+
#.............#
#.............#
#.............######.#
###...........@ggg...#
#.#.#############..#
#.#.# #.#.. #.#.# #..
##


You could see 3 gnolls.

Vanquished Creatures
  A jelly (D:4)
  An orc priest (D:4)
  4 adders
  A worm (D:2)
  2 dart slugs
  6 orcs
  4 bats
  5 endoplasms
  2 giant cockroaches
  5 goblins
  2 hobgoblins
  12 jackals
  2 quokkas
  5 ball pythons
  6 frilled lizards
  4 kobolds
  4 rats (D:1)
66 creatures vanquished.

Notes
Turn   | Place    | Note
-------+----------+-------------------------------------------
     0 | D:1      | jimonade the Vine Stalker Monk began the quest for the Orb.
     0 | D:1      | Reached XP level 1. HP: 11/11 MP: 2/2
    50 | D:1      | Reached XP level 2. HP: 16/16 MP: 3/3
    76 | D:1      | Reached skill level 3 in Axes
   339 | D:1      | Reached XP level 3. HP: 18/20 MP: 4/4
  1401 | D:2      | Gained mutation: Your natural rate of healing is unusually
                  | fast. [Vine Stalker growth]
  1401 | D:2      | Reached XP level 4. HP: 20/24 MP: 5/5
  1674 | D:3      | Found Wealurchi's Book Boutique.
  1712 | D:3      | Found Woapt's Weapon Shop.
  1895 | D:3      | Found a faded altar of an unknown god.
  2351 | D:3      | Bought 2 curare-tipped darts for 24 gold pieces
  2399 | D:4      | Found a runed translucent door.
  2399 | D:4      | Noticed AlpineCheese's ghost (weakling DsNe)
  2432 | D:4      | Reached skill level 4 in Axes
  2432 | D:4      | Reached XP level 5. HP: 17/28 MP: 4/6
  2649 | D:4      | Found Visylais's Distillery.
  2722 | D:4      | Found a basalt altar of Yredelemnul.
  2725 | D:4      | Found a snail-covered altar of Cheibriados.
  2729 | D:4      | Found a shimmering altar of Xom.
  2733 | D:4      | Became a worshipper of Cheibriados the Contemplative
  2733 | D:4      | Reached * piety under Cheibriados
  2733 | D:4      | Reached ** piety under Cheibriados
  2818 | D:4      | Slain by a gnoll

Illustrated notes

Levels and vault maps discovered:
D:1:      dpeg_arrival_fog, layout_basic
D:2:      layout_rooms
D:3:      minmay_door_path, layout_basic, serial_shops, shop,
          nicolae_shop_bloodbath_and_beyond,
          hellmonk_ecumenical_altar_crossroads, serial_glass, glass_columns_b,
          glass_columns_c, glass_columns_b, glass_columns_a, glass_columns_b,
          glass_columns_a, glass_columns_a, glass_columns_a, glass_columns_b,
          glass_columns_c
D:4:      layout_basic, grunt_temple_overflow_diamond,
          hellmonk_ghost_happy_afterlife, serial_shops, nicolae_shop_crystal,
          hex_intersection, uniq_duvessa, uniq_natasha

Skill      XL: |  1  2  3  4 |
---------------+-------------+-----
Axes           | 3 4 |  4.4
Fighting       | 3 |  3.3
Dodging        | 3 |  3.2
Stealth        | |  0.5

Action                     |  1- 3 |  4- 6 || total
---------------------------+-------+-------++-------
  Melee: Hand axe          |    90 |    76 ||   166
         Bite              |    27 |    27 ||    54
         Short sword       |       |     8 ||     8
 Armour: Robe              |    26 |    15 ||    41
  Dodge: Dodged            |    79 |    44 ||   123

Table legend: (Time is in decaauts)
 A = Elapsed time spent in this place.
 B = Non-inter-level travel time spent in this place.
 C = Inter-level travel time spent in this place.
 D = Time resting spent in this place.
 E = Time spent auto-exploring this place.
 F = Levels seen in this place.
 G = Mean time per level.
                   A        B        C        D        E       F      G
               +--------+--------+--------+--------+--------+-----+--------+
         Total |   2871 |   2767 |    104 |      0 |   2258 |   4 |  717.8 |
       Dungeon |   2871 |   2767 |    104 |      0 |   2258 |   4 |  717.8 |
               +--------+--------+--------+--------+--------+-----+--------+

Top non-repeatable levels by time:
     D:1: 1171 daAuts
     D:3: 715 daAuts
     D:4: 499 daAuts
     D:2: 486 daAuts
